 Dungeon Crawl Stone Soup version 0.28.0-49-g6dfe1f597d (webtiles) character file.

Game seed: 8995686057792893424

2916 Atelerd the Thaumaturge (level 9, -1/51 HPs)
             Began as an Octopode Earth Elementalist on May 15, 2022.
             Was a Follower of Sif Muna.
             Slain by Maggie
             ... wielding a +2 war axe of distortion
              (12 damage)
             ... on level 8 of the Dungeon.
             The game lasted 00:14:12 (10354 turns).

Atelerd the Thaumaturge (OpEE)                     Turns: 10354, Time: 00:14:12

Health: -1/51      AC:  1    Str:  7    XL:     9   Next: 78%
Magic:  8/23       EV: 13    Int: 21    God:    Sif Muna [*.....]
Gold:   280        SH:  0    Dex: 13    Spells: 17/28 levels left

rFire   + . .      SeeInvis .   B - +0 dagger (venom)
rCold   . . .      Faith    .   (no shield)
rNeg    + . .      Spirit   .   (helmet restricted)
rPois   .          Reflect  .   (no amulet)
rElec   .          Harm     .   w - ring of positive energy
rCorr   .          Rampage  .   d - ring of protection from fire
Will    .....                   (no ring)
Stlth   +++.......              (no ring)
HPRegen 0.17/turn               (no ring)
MPRegen 0.18/turn               (no ring)
                                (no ring)
                                (no ring)

@: lethally poisoned (-1 -> -3), about to teleport, mesmerised, very slightly
contaminated
A: almost no armour, amphibious, 8 rings, camouflage 1, gelatinous body 1,
(nimble swimmer 1), tentacles
a: Renounce Religion, Channel Magic


You were on level 8 of the Dungeon.
You worshipped Sif Muna.
Sif Muna was aware of your devotion.
You visited 2 branches of the dungeon, and saw 9 of its levels.
You also visited: Sewer.

You collected 335 gold pieces.
You spent 55 gold pieces at shops.

Inventory:

Hand Weapons
 h - a +0 short sword
 B - a +0 dagger of venom (weapon)
 D - a +3 dagger of draining
Missiles
 a - a throwing net
 u - 52 stones
Jewellery
 d - a ring of protection from fire (right tentacle)
 w - a ring of positive energy (left tentacle)
 F - a ring of positive energy
 G - an amulet of reflection
Wands
 m - a wand of flame (2)
 C - a wand of charming (3)
Scrolls
 b - 2 scrolls of vulnerability {unknown}
 f - 2 scrolls of noise
 j - 2 scrolls of brand weapon {unknown}
 l - a scroll of immolation
 p - a scroll of holy word
 v - a scroll of magic mapping {unknown}
 y - a scroll of amnesia
 z - 2 scrolls of torment {unknown}
 E - a scroll of blinking {unknown}
 H - a scroll of enchant armour {unknown}
Potions
 c - 2 potions of berserk rage
 e - a potion of ambrosia
 i - a potion of might
 n - a potion of resistance
 o - 4 potions of attraction {unknown}
 s - 3 potions of brilliance
 x - a potion of degeneration {unknown}
 A - 4 potions of curing {unknown}


   Skills:
 - Level 2.0 Short Blades
 - Level 2.0 Dodging
 - Level 4.0 Stealth
 + Level 10.2 Spellcasting
 - Level 5.0 Transmutations
 - Level 5.0 Earth Magic
 - Level 2.0 Invocations


You had 17 spell levels left.
You knew the following spells:

 Your Spells              Type           Power      Damage    Failure   Level
a - Sandblast             Erth           62%        2d14      1%          1
b - Mephitic Cloud        Conj/Pois/Air  10%        N/A       19%         3
p - Petrify               Tmut/Erth      31%        N/A       9%          4
r - Stone Arrow           Conj/Erth      42%        3d9       7%          3

Your spell library contained the following spells:

 Spells                   Type           Power      Damage    Failure   Level
 Passwall                 Tmut/Erth      25%        N/A       1%          2
 Ignite Poison            Fire/Tmut/Pois 17%        N/A       10%         3
 Freezing Cloud           Conj/Ice/Air   5%         6-21      87%         5


Dungeon Overview and Level Annotations

Branches:
Dungeon (8/15)             Temple (1/1) D:5           Sewer (visited)
   Lair: D:8-11

Altars:
Ashenzari
Dithmenos
Elyvilon
Fedhas
Gozag
Hepliaklqana
Kikubaaqudgha
Makhleb
Okawaru
Qazlal
Ru
Sif Muna
Trog
Uskayaw
Wu Jian
Xom
Yredelemnul
Zin
The Shining One

Shops:
D:5 *

Annotations:
D:4 2 runed translucent doors, exclusion: downstairs, CryoSword's ghost, novice VSBr
D:8 Maggie


Innate Abilities, Weirdness & Mutations

You cannot wear most types of armour.
You are amphibious.
You can wear up to eight rings at the same time.
Your skin changes colour to match your surroundings (Stealth+).
Your rubbery body absorbs attacks. (AC +1, EV +1)
((You are camouflaged when in or above water. (Stealth+)))
You have tentacles for arms and can constrict up to eight enemies at once.


Message History

Unknown command.
Magic courses through your body.
You feel sick.
Maggie points at you and mumbles some strange words.
The bolt of fire hits you! You resist.
Casting: Petrify (dangerous; 9% risk of failure)
Confirm with . or Enter, or press ? or * to list all spells.
Aiming: Petrify (dangerous; 9% risk of failure)
Press: ? - help, Shift-Dir - straight line, f/p - Maggie
Aim: Maggie, wielding a +2 war axe of distortion and wearing +0 steam dragon scales (lightly wounded, chance to affect: 61%) Maggie resists with significant effort.
You feel sick.
Maggie casts a spell.
Maggie attempts to bespell you!
You are mesmerised by Maggie!
Casting: Petrify (dangerous; 9% risk of failure)
Confirm with . or Enter, or press ? or * to list all spells.
Aiming: Petrify (dangerous; 9% risk of failure)
Press: ? - help, Shift-Dir - straight line, f/p - Maggie
Aim: Maggie, wielding a +2 war axe of distortion and wearing +0 steam dragon scales (lightly wounded, mesmerising, chance to affect: 61%) Maggie resists with significant effort.
You feel sick.
Unknown command.
Casting: Petrify (dangerous; 9% risk of failure)
Confirm with . or Enter, or press ? or * to list all spells.
Aiming: Petrify (dangerous; 9% risk of failure)
Press: ? - help, Shift-Dir - straight line, f/p - Maggie
Aim: Maggie, wielding a +2 war axe of distortion and wearing +0 steam dragon scales (lightly wounded, mesmerising, chance to affect: 61%) Maggie resists with significant effort.
You feel sick.
Casting: Petrify (dangerous; 9% risk of failure)
Confirm with . or Enter, or press ? or * to list all spells.
Aiming: Petrify (dangerous; 9% risk of failure)
Press: ? - help, Shift-Dir - straight line, f/p - Maggie
Aim: Maggie, wielding a +2 war axe of distortion and wearing +0 steam dragon scales (lightly wounded, mesmerising, chance to affect: 61%)
You miscast Petrify.
You are very lightly contaminated with residual magic.
Nothing appears to happen.
You feel sick.
You cannot move away from Maggie!
Unknown command.
As you read the scroll of teleportation, it crumbles to dust.
You feel strangely unstable.
You feel sick.
Maggie hits you with a +2 war axe of distortion!
You die...

#........# +.#.#
#........# #....
#........# #....
#........############....
.........................
.........................
.........)...............
........†@...........####
........@............#
################.....#
#.....# #.....#


You could see Maggie (mesmerising).

Vanquished Creatures
  Menkaure (D:4)
  A water moccasin (D:5)
  2 ice beasts
  An orc warrior (D:8)
  3 necrophages (D:6)
  A black bear (D:6)
  2 ogres
  A centaur (D:6)
  Blork the orc (D:4)
  A kobold brigand (D:6)
  2 bullfrogs
  2 wyvern zombies
  5 scorpions
  5 water moccasin zombies
  7 killer bees
  3 howler monkeys (D:8)
  A bullfrog zombie (D:6)
  A bullfrog skeleton (D:6)
  A jelly (D:5)
  5 iguanas
  2 orc wizards (D:6)
  A hound skeleton (D:4)
  9 adders
  2 river rats (Sewer)
  A shadow imp (D:7)
  A white imp (D:6)
  A worm (D:2)
  2 dart slugs
  5 orcs
  5 endoplasms
  3 giant cockroaches
  2 goblins (D:1)
  7 hobgoblins
  6 jackals (D:1)
  6 quokkas
  11 ball pythons
  8 bats
  6 frilled lizards
  4 kobolds
  11 rats
139 creatures vanquished.

Vanquished Creatures (others)
  An orc (D:8)
  5 bushes (D:6)
  18 plants
24 creatures vanquished.

Grand Total: 163 creatures vanquished

Notes
Turn   | Place    | Note
-------+----------+-------------------------------------------
     0 | D:1      | Atelerd the Octopode Earth Elementalist began the quest for
                  | the Orb.
     0 | D:1      | Reached XP level 1. HP: 11/11 MP: 3/3
   276 | D:1      | Reached XP level 2. HP: 15/17 MP: 3/5
   639 | D:1      | Reached XP level 3. HP: 8/21 MP: 0/6
  1215 | D:1      | Found a faded altar of an unknown god.
  2217 | D:2      | Reached XP level 4. HP: 9/27 MP: 5/8
  2736 | D:3      | Found an ancient bone altar of Kikubaaqudgha.
  2777 | D:3      | Noticed a black bear
  2784 | D:3      | Learned a level 4 spell: Petrify
  2846 | D:4      | Found a runed translucent door.
  2852 | D:4      | Noticed CryoSword's ghost (novice VSBr)
  2865 | D:4      | Noticed Blork the orc
  2882 | D:4      | Killed Blork the orc
  2883 | D:4      | Reached skill level 3 in Spellcasting
  2883 | D:4      | Reached XP level 5. HP: 23/31 MP: 1/9
  2994 | D:4      | Noticed an ogre
  3006 | D:5      | Entered Level 5 of the Dungeon
  3171 | D:5      | Noticed a water moccasin
  3180 | D:5      | Killed a water moccasin
  3181 | D:5      | Reached XP level 6. HP: 27/36 MP: 2/11
  3237 | D:5      | Learned a level 3 spell: Mephitic Cloud
  3302 | D:5      | Found a glowing drain.
  3333 | D:5      | Found a burning altar of Makhleb.
  3366 | Sewer    | Entered a sewer
  3823 | Sewer    | Learned a level 3 spell: Stone Arrow
  4248 | D:5      | Found a staircase to the Ecumenical Temple.
  4260 | D:5      | Noticed an ice beast
  4296 | D:4      | Reached skill level 5 in Earth Magic
  4838 | D:5      | Reached XP level 7. HP: 37/41 MP: 8/12
  4885 | D:5      | Found Rupacem's General Store.
  4892 | D:5      | Bought a scroll of identify for 22 gold pieces
  4892 | D:5      | Bought a scroll of teleportation for 33 gold pieces
  4922 | D:5      | Reached skill level 4 in Spellcasting
  5268 | D:4      | Noticed Menkaure
  5271 | D:4      | Killed Menkaure
  5355 | D:4      | Reached skill level 5 in Transmutations
  5743 | D:4      | Found a runed translucent door.
  6256 | D:4      | You fall into a shaft and drop 1 floor!
  6291 | D:5      | Reached skill level 5 in Spellcasting
  6377 | D:5      | Reached XP level 8. HP: 46/46 MP: 11/16
  6850 | D:5      | Reached skill level 6 in Spellcasting
  6865 | Temple   | Entered the Ecumenical Temple
  6979 | Temple   | Became a worshipper of Sif Muna the Loreminder
  7402 | D:6      | Reached skill level 1 in Short Blades
  7705 | D:6      | Reached skill level 1 in Invocations
  8148 | D:6      | Reached skill level 7 in Spellcasting
  8231 | D:6      | Found a blossoming altar of Fedhas.
  8363 | D:6      | Reached XP level 9. HP: 38/51 MP: 14/20
  8480 | D:6      | Found a hazy altar of Hepliaklqana.
  8482 | D:6      | Found a faded altar of an unknown god.
  8488 | D:6      | Reached skill level 8 in Spellcasting
  8688 | D:6      | Found a white marble altar of Elyvilon.
  8939 | D:6      | Reached * piety under Sif Muna
  9279 | D:7      | Reached skill level 9 in Spellcasting
 10289 | D:8      | Reached skill level 10 in Spellcasting
 10304 | D:8      | Noticed Maggie
 10354 | D:8      | Slain by Maggie

Illustrated notes

Levels and vault maps discovered:
D:1:      minmay_arrival_loop, layout_basic,
          shapermc_ecumenical_altar_mp_highgroup
D:2:      layout_basic, serial_bayou_pond_a
D:3:      layout_loops_cross, nicolae_kikubaaqudgha_miasma_corner,
          serial_forest, infiniplex_forest_clump_double,
          infiniplex_forest_clump_cross, infiniplex_forest_clump_tiny,
          infiniplex_forest_lined_2, infiniplex_forest_lined_room_2,
          infiniplex_forest_clump_tiny, infiniplex_forest_end_double,
          hangedman_decor_points, minmay_misc_feat_nine_boxes
D:4:      layout_basic, ebering_ghost_sewer_f, uniq_blork_the_orc, uniq_menkaure
D:5:      layout_cave_pools, bloody_makhleb, minmay_temple_entry_glassed_door,
          gup_sewer_entry_bowl, serial_shops, shop
D:6:      layout_basic, beargit_hepliaklqana_dungeon_heroes,
          fedhas_altar_decomposition, mainiacjoe_overflow_alcove_4,
          hangedman_decor_growths
D:7:      wander_river, layout_basic
D:8:      layout_gridville, amethyst_overflow_temple_binary, serial_glass,
          glass_columns_a, glass_columns_a, uniq_maggie
Temple:   zaba_magenta_temple

Skill      XL: |  1  2  3  4  5  6  7  8  9 |
---------------+----------------------------+-----
Stealth        | 3 4 |  4.0
Spellcasting   | 3 5 7 10 | 10.2
Transmutations | 2 3 4 5 |  5.0
Earth Magic    | 4 5 |  5.0
Short Blades   | 2 |  2.0
Invocations    | 2 |  2.0
Dodging        | |  2.0

Action                   |  1- 3 |  4- 6 |  7- 9 || total
-------------------------+-------+-------+-------++-------
Melee: Unarmed           |    34 |       |       ||    34
       Tentacles         |    11 |    15 |    44 ||    70
       Constrict         |    11 |    13 |    22 ||    46
       Short sword       |    13 |    43 |    55 ||   111
       Dagger            |       |       |    57 ||    57
       Punch             |       |       |     2 ||     2
 Cast: Sandblast         |    43 |    28 |    83 ||   154
       Petrify           |       |     4 |    35 ||    39
       Stone Arrow       |       |    11 |    15 ||    26
Evoke: Wand              |       |       |     6 ||     6
  Use: Scroll            |       |     4 |    11 ||    15
       Potion            |       |       |     2 ||     2
 Stab: Sleeping          |     2 |     9 |     4 ||    15
       Petrified         |       |     7 |    57 ||    64
       Petrifying        |       |       |     1 ||     1
Armor: Skin              |    13 |     3 |     8 ||    24
Dodge: Dodged            |    50 |    38 |    69 ||   157
